3L
SEATTLE AVIATORS @ AUSTIN RANGERS
08/24/2022
 
TOP OF THE 1ST
Seattle Aviators batting - Pitching for Austin Rangers : LHP Tetsuzan Kaneko
Pitching: LHP Tetsuzan Kaneko
Batting: RHB Kenzaburo Hori 0-0: Ball
1-0: Ball
2-0: Foul Ball, location: 2F
2-1: Swinging Strike
2-2: Ball
3-2: Fly out, F9 (Flyball, 89XD)
Batting: RHB Tanyu Kimura 0-0: Called Strike
0-1: Ground out 5-3 (Groundball, 5S)
Batting: LHB Kenny Webster 0-0: Foul Ball, location: 2F
0-1: Ball
1-1: Foul Ball, location: 2F
1-2: Ball
2-2: Fly out, F7 (Line Drive, 78M)
Top of the 1st over - 0 run(s), 0 hit(s), 0 error(s), 0 left on base; Seattle 0 - Austin 0
BOTTOM OF THE 1ST
Austin Rangers batting - Pitching for Seattle Aviators : RHP Dominic Parker
Pitching: RHP Dominic Parker
Batting: RHB Tony Hernández 0-0: Foul Ball, location: 2F
0-1: Foul Ball, location: 2F
0-2: Ball
1-2: Fly out, F9 (Flyball, 89D)
Batting: RHB Florian Cesaresco 0-0: Ball
1-0: Fly out, F7 (Flyball, 78M)
Batting: SHB Carlos Kramer 0-0: Ball
1-0: Ball
2-0: Foul Ball, location: 2F
2-1: TRIPLE (Flyball, 89XD)
Batting: LHB James Murray 0-0: Ball
1-0: Ball
2-0: Ball
3-0: Called Strike
3-1: Ground out 4-3 (Groundball, 4)
Bottom of the 1st over - 0 run(s), 1 hit(s), 0 error(s), 1 left on base; Seattle 0 - Austin 0
TOP OF THE 2ND
Seattle Aviators batting - Pitching for Austin Rangers : LHP Tetsuzan Kaneko
Batting: RHB Sean Davis 0-0: Called Strike
0-1: Ball
1-1: Hit by Pitch
Batting: RHB Clarence Fox 0-0: Ball
1-0: Foul Ball, location: 2F
1-1: Called Strike
1-2: Ball
2-2: Ball
3-2: Fly out, F5 (Popup, 25F)
Batting: RHB Brian Williams 0-0: Fly out, F9 (Popup, 89S)
Batting: RHB Lindsay Stewart 0-0: Called Strike
0-1: Ball
Sean Davis steals 2nd base
1-1: DOUBLE (Line Drive, 8LXD)
Sean Davis scores
Batting: RHB Vernon Caw 0-0: Called Strike
0-1: Called Strike
0-2: Ball
1-2: Strikes out looking
Top of the 2nd over - 1 run(s), 1 hit(s), 0 error(s), 1 left on base; Seattle 1 - Austin 0
BOTTOM OF THE 2ND
Austin Rangers batting - Pitching for Seattle Aviators : RHP Dominic Parker
Batting: SHB Juan Sánchez 0-0: Ball
1-0: Called Strike
1-1: Called Strike
1-2: Foul Ball, location: 2F
1-2: Ball
2-2: Ball
3-2: Base on Balls
Batting: LHB Trent Kershaw 0-0: Ball
1-0: SINGLE (Line Drive, 9LS)
Juan Sánchez to second
Batting: RHB Alex Maxwell 0-0: Foul Ball, location: 2F
0-1: Foul Ball, location: 2F
0-2: DOUBLE (Flyball, 78M)
Juan Sánchez scores
Trent Kershaw to third
Batting: RHB Riley Howard 0-0: Called Strike
0-1: Swinging Strike
0-2: Ball
1-2: Foul Ball, location: 2F
1-2: Ball
2-2: Ball
3-2: Foul Ball, location: 2F
3-2: Foul Ball, location: 2F
3-2: SINGLE (Popup, 8LS)
Trent Kershaw scores
Alex Maxwell to third
Runner from 3rd tries for Home, SAFE, no throw or cutoff
Batting: RHB Joseph Pate 0-0: Called Strike
0-1: Swinging Strike
0-2: Strikes out looking
Batting: RHB Tony Hernández 0-0: Fly out, F4 (Line Drive, 4MD)
Batting: RHB Florian Cesaresco 0-0: Ball
1-0: Ball
2-0: Called Strike
2-1: Called Strike
2-2: Ground out 6-3 (Groundball, 6)
Bottom of the 2nd over - 3 run(s), 3 hit(s), 0 error(s), 1 left on base; Seattle 1 - Austin 3
TOP OF THE 3RD
Seattle Aviators batting - Pitching for Austin Rangers : LHP Tetsuzan Kaneko
Batting: LHB Jorge Mojica 0-0: Ball
1-0: DOUBLE (Flyball, 8LD)
Batting: RHB Kenzaburo Hori 0-0: Foul Ball, location: 2F
0-1: Ball
1-1: Swinging Strike
1-2: Ball
2-2: Ground out 6-3 (Groundball, 6)
Batting: RHB Tanyu Kimura 0-0: Ball
1-0: Called Strike
1-1: Ball
2-1: Ground out 5-3 (Groundball, 5S)
Jorge Mojica to third
Batting: LHB Kenny Webster 0-0: Called Strike
0-1: Foul Ball, location: 2F
0-2: Ball
1-2: Strikes out looking
Top of the 3rd over - 0 run(s), 1 hit(s), 0 error(s), 1 left on base; Seattle 1 - Austin 3
BOTTOM OF THE 3RD
Austin Rangers batting - Pitching for Seattle Aviators : RHP Dominic Parker
Batting: SHB Carlos Kramer 0-0: Foul Ball, location: 2F
0-1: Foul Ball, location: 2F
0-2: Fly out, F8 (Flyball, 8LD)
Batting: LHB James Murray 0-0: Called Strike
0-1: Ball
1-1: Ground out 4-3 (Groundball, 4)
Batting: SHB Juan Sánchez 0-0: Called Strike
0-1: Swinging Strike
0-2: Ball
1-2: Ball
2-2: Ball
3-2: Fly out, F6 (Popup, 6D)
Bottom of the 3rd over - 0 run(s), 0 hit(s), 0 error(s), 0 left on base; Seattle 1 - Austin 3
TOP OF THE 4TH
Seattle Aviators batting - Pitching for Austin Rangers : LHP Tetsuzan Kaneko
Batting: RHB Sean Davis 0-0: Ball
1-0: Foul Ball, location: 2F
1-1: Foul Ball, location: 2F
1-2: Ball
2-2: TRIPLE (Flyball, 78D)
Batting: RHB Clarence Fox 0-0: Ball
1-0: Ball
2-0: Swinging Strike
2-1: Foul Ball, location: 2F
2-2: Ball
3-2: Ground out 6-3 (Groundball, 6M)
Sean Davis scores
Batting: RHB Brian Williams 0-0: Ball
1-0: Ball
2-0: Foul Ball, location: 2F
2-1: Foul Ball, location: 2F
2-2: Foul Ball, location: 2F
2-2: Ball
3-2: Ground out 6-3 (Groundball, 6)
Batting: RHB Lindsay Stewart 0-0: Fly out, F3 (Popup, 23F)
Top of the 4th over - 1 run(s), 1 hit(s), 0 error(s), 0 left on base; Seattle 2 - Austin 3
BOTTOM OF THE 4TH
Austin Rangers batting - Pitching for Seattle Aviators : RHP Dominic Parker
Batting: LHB Trent Kershaw 0-0: Ball
1-0: Ball
2-0: Called Strike
2-1: Foul Ball, location: 2F
2-2: Ground out 4-3 (Groundball, 4)
Batting: RHB Alex Maxwell 0-0: Ball
1-0: Ball
2-0: Swinging Strike
2-1: Ground out 6-3 (Groundball, 6)
Batting: RHB Riley Howard 0-0: Ball
1-0: Foul Ball, location: 2F
1-1: Foul Ball, location: 2F
1-2: SINGLE (Line Drive, 4D)
Batting: RHB Joseph Pate 0-0: Ball
1-0: Ball
2-0: Called Strike
2-1: Ball
3-1: Base on Balls
Riley Howard to second
Batting: RHB Tony Hernández 0-0: Foul Ball, location: 2F
0-1: Ball
1-1: Ball
2-1: Fly out, F3 (Line Drive, 3S)
Bottom of the 4th over - 0 run(s), 1 hit(s), 0 error(s), 2 left on base; Seattle 2 - Austin 3
TOP OF THE 5TH
Seattle Aviators batting - Pitching for Austin Rangers : LHP Tetsuzan Kaneko
Batting: RHB Vernon Caw 0-0: Swinging Strike
0-1: Foul Ball, location: 2F
0-2: Ball
1-2: Ball
2-2: Ground out 4-3 (Groundball, 34)
Batting: LHB Jorge Mojica 0-0: Ball
1-0: Foul Ball, location: 2F
1-1: Called Strike
1-2: Strikes out looking
Batting: RHB Kenzaburo Hori 0-0: Called Strike
0-1: Called Strike
0-2: Foul Ball, location: 2F
0-2: Ball
1-2: Foul Ball, location: 2F
1-2: Foul Ball, location: 2F
1-2: SINGLE (Flyball, 78M)
Batting: RHB Tanyu Kimura 0-0: Ground out 5-3 (Groundball, 56S)
Top of the 5th over - 0 run(s), 1 hit(s), 0 error(s), 1 left on base; Seattle 2 - Austin 3
BOTTOM OF THE 5TH
Austin Rangers batting - Pitching for Seattle Aviators : RHP Dominic Parker
Batting: RHB Florian Cesaresco 0-0: Ball
1-0: Ball
2-0: Ground out 5-3 (Groundball, 5S)
Batting: SHB Carlos Kramer 0-0: Fly out, F6 (Line Drive, 6M)
Batting: LHB James Murray 0-0: Swinging Strike
0-1: Foul Ball, location: 2F
0-2: Ball
1-2: Reached on error, E3 (Groundball, 3L)
Batting: SHB Juan Sánchez 0-0: Ball
1-0: Fly out, F7 (Flyball, 7S)
Bottom of the 5th over - 0 run(s), 0 hit(s), 1 error(s), 1 left on base; Seattle 2 - Austin 3
TOP OF THE 6TH
Seattle Aviators batting - Pitching for Austin Rangers : LHP Tetsuzan Kaneko
Batting: LHB Kenny Webster 0-0: Called Strike
0-1: Ball
1-1: Foul Ball, location: 2F
1-2: Ball
2-2: Strikes out swinging
Batting: RHB Sean Davis 0-0: Called Strike
0-1: Swinging Strike
0-2: Foul Ball, location: 2F
0-2: Foul Ball, location: 2F
0-2: Ball
1-2: Ball
2-2: Ball
3-2: Fly out, F8 (Flyball, 8LM)
Batting: RHB Clarence Fox 0-0: Called Strike
0-1: Ball
1-1: Called Strike
1-2: SOLO HOME RUN (Flyball, 7LD), Distance : 357 ft
Batting: RHB Brian Williams 0-0: Called Strike
0-1: Ball
1-1: Ground out 6-3 (Groundball, 6)
Top of the 6th over - 1 run(s), 1 hit(s), 0 error(s), 0 left on base; Seattle 3 - Austin 3
BOTTOM OF THE 6TH
Austin Rangers batting - Pitching for Seattle Aviators : RHP Dominic Parker
Batting: LHB Trent Kershaw 0-0: Ball
1-0: Ball
2-0: Ball
3-0: Base on Balls
Batting: RHB Alex Maxwell 0-0: Ball
1-0: Sac Bunt - play at second, runner OUT! 1-6
Batting: RHB Riley Howard 0-0: Ball
Alex Maxwell steals 2nd base
1-0: Swinging Strike
1-1: Ground out 6-3 (Groundball, 6)
Alex Maxwell to third
Batting: RHB Joseph Pate 0-0: Ball
1-0: Swinging Strike
1-1: Ball
2-1: Swinging Strike
2-2: Fly out, F8 (Flyball, 8LD)
Bottom of the 6th over - 0 run(s), 0 hit(s), 0 error(s), 1 left on base; Seattle 3 - Austin 3
TOP OF THE 7TH
Seattle Aviators batting - Pitching for Austin Rangers : LHP Tetsuzan Kaneko
Batting: RHB Lindsay Stewart 0-0: Called Strike
0-1: Ball
1-1: Ground out 5-3 (Groundball, 5S)
Batting: RHB Vernon Caw 0-0: Ball
1-0: Called Strike
1-1: Ball
2-1: Ball
3-1: Base on Balls
Pitching: LHP Harry Evans
Batting: LHB Jorge Mojica 0-0: Ball
1-0: DOUBLE (Flyball, 8RXD)
Vernon Caw to third
Runner from 3rd tries for Home, SAFE, throw made home
Batting: RHB Kenzaburo Hori 0-0: Called Strike
0-1: Ball
Wild Pitch!
Jorge Mojica to third
1-1: Ball
2-1: Foul Ball, location: 2F
2-2: Foul Ball, location: 2F
2-2: Strikes out swinging
Batting: RHB Tanyu Kimura 0-0: Ball
1-0: Called Strike
1-1: Ball
2-1: Ball
3-1: Base on Balls
Batting: LHB Kenny Webster 0-0: Swinging Strike
0-1: Ball
1-1: Ball
2-1: Swinging Strike
2-2: SINGLE (Groundball, 56D)
Jorge Mojica scores
Tanyu Kimura to second
Batting: RHB Sean Davis 0-0: Ball
1-0: Called Strike
1-1: SINGLE (Groundball, 3)
Tanyu Kimura to third
Kenny Webster to second
Runner from 3rd tries for Home, SAFE, no throw or cutoff
Batting: RHB Clarence Fox 0-0: Called Strike
0-1: Foul Ball, location: 2F
0-2: Foul Ball, location: 2F
0-2: Fielders Choice at 2nd, 6-4 (Groundball, 6)
Top of the 7th over - 3 run(s), 3 hit(s), 0 error(s), 1 left on base; Seattle 6 - Austin 3
BOTTOM OF THE 7TH
Austin Rangers batting - Pitching for Seattle Aviators : RHP Dominic Parker
Batting: RHB Tony Hernández 0-0: Foul Ball, location: 2F
0-1: Called Strike
0-2: Ball
1-2: Foul Ball, location: 2F
1-2: Ball
2-2: Foul Ball, location: 2F
2-2: Foul Ball, location: 2F
2-2: Ball
3-2: DOUBLE (Groundball, 3D)
Batting: RHB Florian Cesaresco 0-0: Ball
1-0: Foul Ball, location: 2F
1-1: Ball
2-1: Swinging Strike
2-2: Ball
3-2: Foul Ball, location: 2F
3-2: Base on Balls
Pitching: RHP Carlos Trevino
Batting: SHB Carlos Kramer 0-0: DOUBLE (Groundball, 5L)
Tony Hernández scores
Florian Cesaresco to third
Batting: LHB James Murray 0-0: Foul Ball, location: 2F
0-1: Swinging Strike
0-2: Ball
1-2: Fly out, F5 (Line Drive, 56S)
Batting: SHB Juan Sánchez 0-0: Fly out, F7 (Flyball, 7LM)
Runner from 3rd tags up, OUT at HOME
Bottom of the 7th over - 1 run(s), 2 hit(s), 0 error(s), 1 left on base; Seattle 6 - Austin 4
TOP OF THE 8TH
Seattle Aviators batting - Pitching for Austin Rangers : LHP Harry Evans
Batting: RHB Brian Williams 0-0: Called Strike
0-1: Ball
1-1: Ball
2-1: Foul Ball, location: 2F
2-2: Ball
3-2: Base on Balls
Batting: RHB Lindsay Stewart 0-0: Ball
1-0: Bunted foul
1-1: Sac Bunt - play at first, batter OUT! 1-4
Brian Williams to second
Batting: RHB Vernon Caw 0-0: Intentional Walk
Pitching: RHP Jim Price
Batting: LHB Jorge Mojica 0-0: Called Strike
0-1: Foul Ball, location: 2F
0-2: Hit by Pitch
Brian Williams to third
Vernon Caw to second
Batting: RHB Kenzaburo Hori 0-0: Ball
1-0: Foul Ball, location: 2F
1-1: Foul Ball, location: 2F
1-2: Strikes out swinging
Batting: RHB Tanyu Kimura 0-0: Called Strike
0-1: SINGLE (Groundball, 5D)
Brian Williams scores
Vernon Caw to third
Jorge Mojica to second
Runner from 3rd tries for Home, SAFE, throw made home
Jorge Mojica to third
Tanyu Kimura to second
Batting: LHB Kenny Webster 0-0: Ball
1-0: Called Strike
1-1: Ball
2-1: Ball
3-1: Called Strike
3-2: Strikes out looking
Top of the 8th over - 2 run(s), 1 hit(s), 0 error(s), 2 left on base; Seattle 8 - Austin 4
BOTTOM OF THE 8TH
Austin Rangers batting - Pitching for Seattle Aviators : RHP Carlos Trevino
Batting: LHB Trent Kershaw 0-0: Called Strike
0-1: Ball
1-1: Ball
2-1: Ground out U3 (Groundball, 3)
Batting: RHB Alex Maxwell 0-0: Fly out, F8 (Flyball, 8LM)
Batting: RHB Riley Howard 0-0: Ground out 6-3 (Groundball, 56)
Bottom of the 8th over - 0 run(s), 0 hit(s), 0 error(s), 0 left on base; Seattle 8 - Austin 4
TOP OF THE 9TH
Seattle Aviators batting - Pitching for Austin Rangers : RHP Jim Price
Batting: RHB Sean Davis 0-0: Fly out, F8 (Flyball, 8LM)
Batting: RHB Clarence Fox 0-0: Foul Ball, location: 2F
0-1: Ball
1-1: Called Strike
1-2: Strikes out looking
Batting: RHB Brian Williams 0-0: Ground out 6-3 (Groundball, 6)
Top of the 9th over - 0 run(s), 0 hit(s), 0 error(s), 0 left on base; Seattle 8 - Austin 4
BOTTOM OF THE 9TH
Austin Rangers batting - Pitching for Seattle Aviators : RHP Carlos Trevino
Pitching: RHP Ken Hinkle
Batting: RHB Joseph Pate 0-0: Foul Ball, location: 2F
0-1: SINGLE (Groundball, 6MD) (infield hit)
Batting: RHB Tony Hernández 0-0: Ball
1-0: Foul Ball, location: 2F
1-1: Called Strike
1-2: Ball
2-2: Ball
3-2: SINGLE (Groundball, 34)
Joseph Pate to second
Runner from 2nd tries for 3rd, SAFE, throw made to third
Batting: RHB Florian Cesaresco 0-0: Called Strike
0-1: Foul Ball, location: 2F
0-2: Strikes out swinging
Batting: SHB Carlos Kramer 0-0: Called Strike
0-1: Swinging Strike
0-2: Foul Ball, location: 2F
0-2: Ball
1-2: Strikes out looking
Batting: LHB James Murray 0-0: Ball
1-0: Ball
2-0: Called Strike
2-1: Swinging Strike
2-2: Ball
Wild Pitch!
Joseph Pate scores
Tony Hernández to second
3-2: Foul Ball, location: 2F
3-2: SINGLE (Groundball, 6MD)
Tony Hernández to third
Tony Hernández scores
Pitching: RHP Rex Hood
Batting: SHB Juan Sánchez 0-0: Ball
1-0: Ball
2-0: Ball
3-0: Base on Balls
James Murray to second
Batting: LHB Trent Kershaw 0-0: Ball
1-0: Ball
2-0: Ball
3-0: Base on Balls
James Murray to third
Juan Sánchez to second
Pinch Hitting: LHB Jon MacIntyre 0-0: Ball
1-0: Ball
2-0: Called Strike
2-1: Foul Ball, location: 2F
2-2: Foul Ball, location: 2F
2-2: Fly out, F8 (Flyball, 8LS)
Bottom of the 9th over - 2 run(s), 3 hit(s), 0 error(s), 3 left on base; Seattle 8 - Austin 6
This league is powered by Out of the Park Baseball, the baseball management simulation game for PC, Mac and Linux
Friday, April 15th, 2016 - OOTP Baseball 16.9 Build 39